 Dungeon Crawl Stone Soup version 0.16-a0-4060-g00983b4 (webtiles) character file.

8 Bloax the Scratcher (level 2, -1/12 HPs)
             Began as a Felid Transmuter on Feb 21, 2015.
             Slain by a hobgoblin (4 damage)
             ... on level 1 of the Dungeon.
             The game lasted 00:00:37 (117 turns).

Bloax the Scratcher (Felid Transmuter)               Turns: 117, Time: 00:00:37

Health: -1/12      AC:  1    Str:  6    XL:     2   Next: 0%
Magic:  4/5        EV: 18    Int: 14    God:
Gold:   18         SH:  0    Dex: 16    Spells: 1 memorised, 4 levels left
                                        Lives:  0   Deaths: 0

rFire  . . .     SeeInvis +       - Unarmed
rCold  . . .     Clarity  .     (armour unavailable)
rNeg   . . .     SustAb   .     (shield unavailable)
rPois  .         Gourm    .     (helmet unavailable)
rElec  .         Spirit   .     (cloak unavailable)
rCorr  .         Warding  .     (gloves unavailable)
rMut   .         Stasis   .     (boots unavailable)
MR     .....                    (no amulet)
Stlth  ++........               (no ring)
                                (no ring)

@: appendage, quick, not resistant to hostile enchantments, unstealthy
A: paw claws, no armour, no weapons or thrown items, fangs 3, horns 2, see
invisible, carnivore 3, speed 1, shaggy fur 1, slow metabolism 1, sharp paws
a: End Transformation


You were on level 1 of the Dungeon.
You were not hungry.
You had grown temporary horns.
You visited 1 branch of the dungeon, and saw 1 of its levels.

You collected 18 gold pieces.


Innate Abilities, Weirdness & Mutations

You cannot wear armour.
You are incapable of wielding weapons or throwing items.
You have razor-sharp teeth.
You have supernaturally acute eyesight.
You are carnivorous and can eat meat at any time.
You cover ground quickly.
You are covered in fur (AC +1).
You have a slow metabolism.
Your paws have sharp claws that are effective at stabbing.
You have a pair of horns on your head.


   Skills:
 - Level 1.0 Fighting
 - Level 2.6 Dodging
 + Level 0.0 Stealth
 - Level 3.0 Unarmed Combat
 + Level 2.2 Spellcasting
 + Level 2.6 Transmutations


You had 4 spell levels left.
You knew the following spells:

 Your Spells              Type           Power        Failure   Level  Hunger
a - Beastly Appendage     Trmt           #.....       10%         1    #......


Dungeon Overview and Level Annotations

Branches:
Dungeon (1/15)

Altars:

Inventory:

Missiles
 b - 12 arrows
Scrolls
 c - a scroll of remove curse {unknown}
Books
 d - a book of Changes

   Spells                             Type                      Level
   a - Beastly Appendage              Transmutation                1
   b - Sticks to Snakes               Transmutation                2
   c - Spider Form                    Transmutation/Poison         3
   d - Ice Form                       Ice/Transmutation            4
   e - Blade Hands                    Transmutation                5
Comestibles
 a - a meat ration

# ## # .. # #. # #.
###### # #.###....# #
#.....##.# ###
####..#####.# #..
#....@.## #.#### ###(#
.....####gg###....#
#...#
####...##l.#####.###(###
.....##..####.##(.#
.......##.........##
.....g..).#####...#
...!g...#...# ###.#
......####.# #.# ......
#.# #.#


You could see a hobgoblin (bleeding), a goblin and a giant newt.


Message History

A kobold comes into view. It is wielding a dagger.
You scratch the bat but do no damage.
The kobold shouts!
The bat completely misses you.
You scratch the bat but do no damage. You bite the bat.
The bat is heavily wounded.
The bat misses you.
You closely miss the bat.
The bat is heavily wounded.
The bat completely misses you. The bat misses you.
The kobold throws a stone.
The stone closely misses you.
Casting: Beastly Appendage You grow a pair of large bovine horns.
The bat completely misses you.
The kobold throws a stone.
The stone misses you. The bat hits you.
* * * LOW HITPOINT WARNING * * *
You are too injured to fight recklessly!
You closely miss the bat.
The bat is heavily wounded.
The bat hits you but does no damage.
The kobold throws a stone.
The stone hits you but does no damage.
The teleport trap disappears.
The bat disappears!
You are too injured to fight recklessly!
Your transformation is almost over.
The kobold completely misses you.
You are too injured to fight recklessly!
You scratch the kobold.
You kill the kobold!
You see here a dagger.
Your horns disappear.
You see here a dagger.
You see here a stone.
You see here a stone.
You see here a stone.
A goblin comes into view. It is wielding a dagger.
A hobgoblin comes into view. It is wielding a club.
You pounce on the unaware helpless hobgoblin!
You claw the hobgoblin!
You kill the hobgoblin!
You see here a club.
A hobgoblin and a kobold come into view.
The goblin shouts!
The kobold shouts!
The hobgoblin shouts!
You hear a shout!
The hobgoblin moves out of view.
Found a fizzy white potion.
You scratch the goblin.
The goblin is heavily wounded.
The goblin hits you with a dagger.
* * * LOW HITPOINT WARNING * * *
A giant newt and a goblin come into view.
You scratch the goblin.
You kill the goblin!
A rat comes into view.
Found a stone staircase leading down.
Things that are here:
a dagger; a goblin corpse You closely miss the kobold.
The kobold misses you.
You claw the kobold!
You kill the kobold!
You have reached level 2!
You see here a club.
Casting: Beastly Appendage You grow a pair of large bovine horns.
You swing at nothing.
You barely miss the hobgoblin. You headbutt the hobgoblin.
The hobgoblin is heavily wounded.
The hobgoblin closely misses you.
You scratch the hobgoblin.
The hobgoblin is almost dead.
The hobgoblin hits you.
You die...

Action                   || total
-------------------------++-------
Melee: Unarmed           ||    22
 Cast: Beastly Appendage ||     2
 Stab: Sleeping          ||     1

Vault maps used:
D:1:      lemuel_arrival_river_bridge

Notes
Turn   | Place    | Note
--------------------------------------------------------------
     0 | D:1      | Bloax, the Felid Transmuter, began the quest for the Orb.
     0 | D:1      | Reached XP level 1. HP: 9/9 MP: 4/4
    62 | D:1      | HP: 2/9 [bat (1)]
   104 | D:1      | HP: 2/9 [goblin/dagger (1)]
   110 | D:1      | Reached XP level 2. HP: 2/12 MP: 5/5
   117 | D:1      | Slain by a hobgoblin

Vanquished Creatures
  A giant cockroach (D:1)
  A goblin (D:1)
  3 hobgoblins (D:1)
  2 kobolds (D:1)
7 creatures vanquished.
